 Dungeon Crawl Stone Soup version 0.30.1-11-g7821555f0a (webtiles) character file.

Game seed: 1698109300930742318

763 SacredBeard the Grave Robber (level 7, -3/50 HPs)
             Began as a Demonspawn Necromancer on Nov 5, 2023.
             Slain by an unseen horror (7 damage)
             ... on level 5 of the Dungeon.
             The game lasted 00:10:50 (4282 turns).

SacredBeard the Grave Robber (DsNe)                 Turns: 4282, Time: 00:10:51

Health: -3/50      AC:  4    Str: 14    XL:     7   Next: 51%
Magic:  12/12      EV: 12    Int: 17    God:
Gold:   238        SH:  0    Dex: 15    Spells: 12/13 levels left

rFire   . . .        r - +6 rapier of Evisceration {pain, rPois}
rCold   . . .        (no shield)
rNeg    . . .        e - +0 leather armour
rPois   +            (no helmet)
rElec   .            u - +0 cloak
rCorr   .            (no gloves)
SInv    .            (boots unavailable)
Will    .....        (no amulet)
Stlth   ++           k - +6 ring of strength
HPRegen 0.28/turn    (no ring)
MPRegen 0.13/turn

%: no passive effects
@: attractive
A: hooves 3, demonic guardian 2
a: no special abilities


You were on level 5 of the Dungeon.
You visited 1 branch of the dungeon, and saw 5 of its levels.

You collected 238 gold pieces.

Inventory:

Hand Weapons
 r - the +6 rapier of Evisceration (weapon) {pain, rPois}
   (You found it on level 2 of the Dungeon)

   rPois:     It protects you from poison.
Missiles
 c - 28 stones
 s - 6 poisoned darts
 v - 5 boomerangs
Armour
 e - a +0 leather armour (worn)
 u - a +0 cloak (worn)
 y - a +0 helmet
Jewellery
 k - a +6 ring of strength (left hand)
 w - an amulet of magic regeneration
Wands
 a - a wand of polymorph (10)
 A - a wand of flame (13)
Scrolls
 d - 4 scrolls of enchant armour
 g - 8 scrolls of identify
 h - 3 scrolls of fear
 j - a scroll of silence {unknown}
 l - 2 scrolls of teleportation {unknown}
 o - 3 scrolls of magic mapping {unknown}
 t - a scroll of poison {unknown}
Potions
 b - a potion of magic
 f - 2 potions of brilliance
 i - 2 potions of mutation {unknown}
 m - a potion of degeneration {unknown}
 n - a potion of ambrosia {unknown}
 p - a potion of lignification {unknown}
 q - 2 potions of attraction
 x - a potion of haste {unknown}
 z - a potion of curing {unknown}


   Skills:
 - Level 2.0 Fighting
 - Level 2.0 Throwing
 - Level 2.0 Armour
 - Level 2.0 Dodging
 - Level 3.0 Stealth
 + Level 3.6 Spellcasting
 * Level 6.9 Necromancy
 + Level 2.8 Evocations


You had 12 spell levels left.
You knew the following spells:

 Your Spells              Type           Power      Damage    Failure   Level
a - Necrotise             Necr           100%       1d9       1%          1

Your spell library contained the following spells:

 Spells                   Type           Power      Damage    Failure   Level
 Vampiric Draining        Necr           26%        2d7       3%          3
 Animate Dead             Necr           26%        N/A       12%         4
 Agony                    Necr           26%        N/A       32%         5
 Summon Ice Beast         Ice/Summ       3%         N/A       90%         4
 Summon Mana Viper        Hex/Summ       3%         N/A       99%         5
 Monstrous Menagerie      Summ           1%         N/A       100%        7


Dungeon Overview and Level Annotations

Branches:
Dungeon (5/15) Zot: 25700
 Temple: D:4-7

Altars:
Nemelex Xobeh
Ru

Shops:
D:1 :


Innate Abilities, Weirdness & Mutations

You have hooves in place of feet.
A demonic guardian rushes to your aid.


Message History

Something hits you! Something hits you.
You hit something. Something hits you but does no damage.
You hit something but do no damage. Something hits you but does no damage.
Something hits you.
* * * LOW HITPOINT WARNING * * *
You miss something. Something hits you.
* * * LOW HITPOINT WARNING * * *
A demonic guardian appears!
You swap places.
Something hits your orange demon. Something hits your orange demon!
Something completely misses your orange demon.
Something hits your orange demon.
Something barely misses your orange demon.
Something hits your orange demon. Something hits your orange demon. x2
Something barely misses your orange demon.
Something hits your orange demon.
It was a potion of attraction.
You feel attractive to monsters. Something hits your orange demon!
Something hits your orange demon. x2
As you read the scroll labelled TOAB ATIJYNG, it crumbles to dust.
It is a scroll of identify.
d - 4 scrolls of enchant armour Something hits your orange demon!
Something hits your orange demon but does no damage.
A black bear comes into view.
Something barely misses your orange demon.
As you read the scroll of identify, it crumbles to dust.
h - 3 scrolls of fear Something hits your orange demon.
Your orange demon dies!
Your orange demon disappears in a puff of smoke!
Something hits you.
* * * LOW HITPOINT WARNING * * *
You puncture something! Something hits you.
* * * LOW HITPOINT WARNING * * *
A demonic guardian appears!
Something hits you.
* * * LOW HITPOINT WARNING * * *
Something hits you!
You die...

...............####.....[.#+###+
.....#.....###............#.....
#...##..#.## #..[.........#.###.
##.####'####...###.#####..#.....
#..#....# ###### #.....##.+.._..
#. #.88.###...)###......###.....
#.88.#..####.###......##.###.
#....'..# #4####......#.....
######### #@#.##......#+###'
#....####.#...........#...
#.####...ยง##..........###.#
#######..#......## #.#
#h$#...#......####..
#?)#..>#####........ .###....##
#........ .#.......####.......
###..#....#..........


You could see a black bear and a friendly rust devil (summoned, wandering).

Vanquished Creatures
  An ice beast (D:4)
  A centaur (D:5)
  2 jellies (D:5)
  3 orc priests (D:3)
  A hound (D:4)
  A sleepcap (D:5)
  Terence (D:3)
  2 iguanas
  An orc wizard (D:5)
  3 gnolls (D:4)
  6 adders
  An ufetubus (D:4)
  A dart slug (D:1)
  11 orcs
  11 ball pythons
  7 endoplasms
  2 giant cockroaches
  4 hobgoblins
  7 jackals
  5 kobolds
  3 quokkas
  4 bats
  2 frilled lizards (D:1)
  2 goblins
  3 rats
85 creatures vanquished.

Vanquished Creatures (collateral kills)
  A scorpion (D:5)
  An orc priest (D:3)
  A gnoll (D:4)
  A dart slug (D:4)
  An orc (D:4)
  2 ball pythons
  A jackal (D:1)
  A kobold (D:4)
  A rat (D:2)
10 creatures vanquished.

Grand Total: 95 creatures vanquished

Notes
Turn   | Place    | Note
-------+----------+-------------------------------------------
     0 | D:1      | SacredBeard the Demonspawn Necromancer began the quest for
                  | the Orb.
     0 | D:1      | Reached XP level 1. HP: 13/13 MP: 3/3
   170 | D:1      | Gained mutation: You have large cloven feet. [demonic
                  | ancestry]
   170 | D:1      | Reached XP level 2. HP: 19/19 MP: 1/5
   443 | D:1      | Found Aniomia's Book Shop.
  1180 | D:2      | Gained mutation: A weak demonic guardian rushes to your
                  | aid. [demonic ancestry]
  1180 | D:2      | Reached XP level 3. HP: 25/25 MP: 3/6
  1354 | D:2      | Identified the +6 rapier of Evisceration {pain, rPois}
  1447 | D:3      | Reached skill level 1 in Fighting
  1635 | D:3      | Reached skill level 1 in Armour
  1697 | D:3      | Reached skill level 1 in Throwing
  1697 | D:3      | Reached XP level 4. HP: 32/32 MP: 0/7
  1882 | D:3      | Found a sacrificial altar of Ru.
  1947 | D:3      | Noticed Terence
  1952 | D:3      | Killed Terence
  1953 | D:3      | Reached skill level 5 in Necromancy
  2010 | D:3      | Gained mutation: You have hoof-like feet. [demonic
                  | ancestry]
  2010 | D:3      | Reached XP level 5. HP: 3/37 MP: 5/8
  2164 | D:3      | Reached skill level 1 in Evocations
  2647 | D:4      | Gained mutation: A demonic guardian rushes to your aid.
                  | [demonic ancestry]
  2647 | D:4      | Reached XP level 6. HP: 28/44 MP: 1/10
  2782 | D:4      | Noticed an ice beast
  2793 | D:4      | Killed an ice beast
  3533 | D:5      | Entered Level 5 of the Dungeon
  3592 | D:4      | Reached skill level 6 in Necromancy
  3877 | D:5      | Gained mutation: You have hooves in place of feet. [demonic
                  | ancestry]
  3877 | D:5      | Reached XP level 7. HP: 39/50 MP: 11/11
  3939 | D:5      | Found a sparkling altar of Nemelex Xobeh.
  4282 | D:5      | Slain by an unseen horror

Illustrated notes

Levels and vault maps discovered:
D:1:      eino_arrival_tree_alley, layout_basic, serial_shops,
          nicolae_shop_peninsula
D:2:      layout_rooms, grunt_ministairs_2, nrook_mini_backslash
D:3:      layout_basic, tso_oasis_becter, nicolae_ru_path_of_blood, uniq_terence
D:4:      layout_cave_pods
D:5:      minmay_chambers_of_fours, layout_cave_pools,
          mainiacjoe_overflow_six_doors_small, general_overflow_altar,
          cheibrodos_sewer_entry_bend

Skill      XL: |  1  2  3  4  5  6 |
---------------+-------------------+-----
Dodging        | 2 |  2.0
Stealth        | 2 3 |  3.0
Fighting       | 1 2 |  2.0
Armour         | 1 2 |  2.0
Throwing       | 1 2 |  2.0
Necromancy     | 5 6 |  6.9
Evocations     | 1 2 |  2.8
Spellcasting   | 3 |  3.6

Action                     |  1- 3 |  4- 6 |  7- 9 || total
---------------------------+-------+-------+-------++-------
  Melee: Short sword       |    14 |       |       ||    14
         Kick              |     4 |     8 |     4 ||    16
         Rapier            |     9 |    55 |    19 ||    83
   Cast: Necrotise         |    60 |    53 |    20 ||   133
    Use: Potion            |       |     1 |     1 ||     2
         Scroll            |       |       |     2 ||     2
   Stab: Sleeping          |       |       |     1 ||     1
 Armour: Robe              |     5 |       |       ||     5
         Leather armour    |       |    24 |     7 ||    31
  Dodge: Dodged            |    25 |    67 |    12 ||   104
